 Dungeon Crawl Stone Soup version 0.26-a0-317-ge2f3d4a7ca (webtiles) character file.

Game seed: 3726158951026401103

(classic levelgen) 1065 EnegeticOcto the Stinger (level 7, -1/50 HPs)
             Began as a Demigod Venom Mage on July 16, 2020.
             Slain by Duvessa
             ... wielding a +1 short sword of draining
              (2 damage)
             ... on level 6 of the Dungeon.
             The game lasted 00:21:38 (2537 turns).

EnegeticOcto the Stinger (Demigod Venom Mage)       Turns: 2537, Time: 00:21:38

Health: -1/50      AC:  7    Str: 11    XL:     7   Next: 78%
Magic:  0/16       EV: 11    Int: 23    God:
Gold:   209        SH:  0    Dex: 16    Spells: 4/14 levels left

rFire    . . .     SeeInvis +   p - +0 long sword
rCold    . . .     Faith    .   (no shield)
rNeg     . . .     Spirit   .   r - +2 leather armour {rPois}
rPois    +         Reflect  .   (no helmet)
rElec    .         Harm     .   (no cloak)
rCorr    .                      (no gloves)
MR       .....                  d - +1 pair of boots
Stlth    +.........             (no amulet)
HPRegen  0.16/turn              v - ring of flight
MPRegen  0.15/turn              f - ring of see invisible

@: very slightly contaminated, heavily drained
A: high mp 1
a: Evoke Flight


You were on level 6 of the Dungeon.
You visited 1 branch of the dungeon, and saw 6 of its levels.
You also visited: Sewer.

You collected 209 gold pieces.

Inventory:

Hand Weapons
 p - a +0 long sword (weapon)
Missiles
 t - 7 javelins (quivered)
Armour
 d - a +1 pair of boots (worn)
 o - a +4 scale mail of positive energy
 r - a +2 leather armour of poison resistance (worn)
 x - the +1 robe of Dull Birdsong {rElec}
   (You found it on level 6 of the Dungeon)

   It insulates you from electricity.
Jewellery
 f - a ring of see invisible (right hand)
 g - an uncursed ring of protection from cold
 v - a ring of flight (left hand)
Wands
 n - a wand of paralysis (7)
 s - a wand of random effects (28)
Scrolls
 e - a scroll of blinking {@r4}
 m - a scroll of random uselessness
 u - a scroll of amnesia
 w - a scroll of remove curse {@r2}
Potions
 a - a potion of berserk rage
 c - 3 potions of lignification {@q6}
 i - a potion of might {@q3 !q}
 j - 2 potions of brilliance
 k - 2 potions of stabbing {@q5 !q}
 l - a potion of heal wounds {@q2 !q}
 q - a potion of cancellation


   Skills:
 - Level 1.7(0.5) Dodging
 - Level 1.7(0.5) Stealth
 - Level 4.0(2.6) Spellcasting
 - Level 2.0(0.7) Conjurations
 - Level 4.0(2.6) Transmutations
 - Level 2.0(0.7) Air Magic
 + Level 6.2(4.8) Poison Magic


You had 4 spell levels left.
You knew the following spells:

 Your Spells              Type           Power        Failure   Level
a - Sting                 Tmut/Pois      ###.         3%          1
b - Poisonous Vapours     Pois/Air       ###...       8%          2
c - Olgreb's Toxic Radia  Pois           ####....     22%         4
d - Mephitic Cloud        Conj/Pois/Air  ##......     21%         3

Your spell library contained the following spells:

 Spells                   Type           Power        Failure   Level
 Corona                   Hex            #......      16%         1
 Ignite Poison            Fire/Tmut/Pois ##......     17%         3
 Ensorcelled Hibernation  Hex/Ice        #.....       24%         2
 Dazzling Flash           Conj/Hex       #.....       38%         3
 Confusing Touch          Hex            #.......     43%         3
 Tukima's Dance           Hex            #.......     43%         3


Dungeon Overview and Level Annotations

Branches:
Dungeon (6/15)              Sewer (visited)
 Temple: D:4-7

Annotations:
D:6 Dowan, Duvessa


Innate Abilities, Weirdness & Mutations

You have an increased reservoir of magic. (+10% MP)


Message History

You are too injured to fight recklessly!
You are too injured to fight recklessly!
You closely miss the howler monkey.
The howler monkey is severely wounded.
You kill the adder!
The howler monkey hits you but does no damage.
The howler monkey barely misses you.
You hit the howler monkey.
You kill the howler monkey!
You feel your dexterity returning.
Training target 4.0 for Spellcasting reached!
Your Spellcasting skill increases to level 4!
Found two altars.
You see here a howler monkey corpse.
z - a scroll labeled FUCHIO DEILERIOFAO
As you read the scroll labeled FUCHIO DEILERIOFAO, it crumbles to dust.
You feel strangely unstable.
It was a scroll of teleportation.
As you read the scroll labeled CEUCLIODATT, it crumbles to dust.
The scroll dissolves into smoke.
It was a scroll of fog.
As you read the scroll labeled ZEOPPOSMIF, it crumbles to dust.
You feel blessed for a moment.
It was a scroll of remove curse.
Your surroundings suddenly seem different.
As you read the scroll labeled YDUTEU XAJITESMAQO, it crumbles to dust.
The air around you briefly surges with heat, but it dissipates.
It was a scroll of immolation.
As you read the scroll labeled UXTAXE LUNNIUW, it crumbles to dust.
You feel aware of your surroundings.
It was a scroll of magic mapping.
Duvessa, Sister of Dowan comes into view.
She is wielding a +1 short sword of draining.
Duvessa shouts!
You hear a shout!
You hear a bark!
A jackal comes into view.
A gnoll comes into view. It is wielding a +0 whip.
The gnoll shouts!
The jackal barks!
Casting: Sting (safe; 1% risk of failure)
Confirm with . or Enter, or press ? or * to list all spells.
Aiming: Poisonous Vapours (safe; 3% risk of failure)
Press: ? - help, Dir - move target cursor, f - Duvessa
Aim: Duvessa, wielding a +1 short sword of draining and wearing a +0 ring mail Poisonous vapours surround Duvessa!
Duvessa is engulfed in poison gas.
Duvessa is poisoned.
A jackal comes into view.
Dowan, Brother of Duvessa comes into view.
He is wielding a +2 dagger of protection.
A jackal comes into view.
Casting: Poisonous Vapours (safe; 3% risk of failure)
Confirm with . or Enter, or press ? or * to list all spells.
Okay, then.
Casting: Poisonous Vapours (safe; 3% risk of failure)
Confirm with . or Enter, or press ? or * to list all spells.
You begin to radiate toxic energy.
Dowan is poisoned.
The gnoll is poisoned.
The jackal is poisoned. x3; Duvessa looks even sicker.
The jackal looks even sicker. x2
You kill the jackal! x2
Dowan smirks and points a slender finger.
Dowan looks even sicker.
The gnoll looks even sicker.
You kill the jackal!
Your toxic aura wanes.
Casting: Olgreb's Toxic Radiance (dangerous; 11% risk of failure)
Confirm with . or Enter, or press ? or * to list all spells.
Aiming: Sting (safe; 1% risk of failure)
Press: ? - help, Shift-Dir - straight line, f/p - Duvessa
Aim: Duvessa, wielding a +1 short sword of draining and wearing a +0 ring mail (heavily wounded, very poisoned)
The sting hits Duvessa!
Duvessa looks even sicker.
Duvessa is severely wounded.
You barely miss Duvessa.
Duvessa is severely wounded.
Duvessa hits you with a +1 short sword of draining!
You feel drained.
You are too injured to fight recklessly!
You closely miss Duvessa.
Duvessa is severely wounded.
You kill the gnoll!
Base training target 2.0 for Conjurations reached!
Your base Conjurations skill increases to level 2!
Duvessa hits you with a +1 short sword of draining.
You feel drained.
Duvessa says, "When magic and the sword combine, nothing stands against them."
Duvessa hits you but does no damage.
You feel drained.
Evoke which item? (* to show all) (? for menu, Esc to quit)
Okay, then.
Evoke which item? (* to show all) (? for menu, Esc to quit)
Okay, then.
Dowan gestures at Duvessa while chanting.
Duvessa seems to speed up.
Duvessa hits you with a +1 short sword of draining.
You feel drained.
Casting: Sting (safe; 3% risk of failure)
Confirm with . or Enter, or press ? or * to list all spells.
Aiming: Sting (safe; 3% risk of failure)
Press: ? - help, Shift-Dir - straight line, f/p - Duvessa
Aim: Duvessa, wielding a +1 short sword of draining and wearing a +0 ring mail (severely wounded, fast, very poisoned)
The sting hits Duvessa.
Duvessa looks even sicker.
Duvessa is severely wounded.
Duvessa hits you with a +1 short sword of draining!
* * * LOW HITPOINT WARNING * * *
You feel drained.
* * * LOW HITPOINT WARNING * * *
Dowan casts a spell at you. The puff of frost hits you!
* * * LOW HITPOINT WARNING * * *
Duvessa hits you with a +1 short sword of draining.
You die...

#.###..#.......##.
#.#.#.##...#....##
#.#...#..##?.....#
#.##.##...##.#..#.
#####e#..#..#####.#...
#.....#.###..#..##.#..
#.....#.#..###...##...
#...e.####..#..#..##.#
#....@##..###.##...##.
#.....##...#..#..#..##
#####.#...##.##.##...#
#.#...'†.#..#..#..
#.##.#############
#.....,,,,,,,.....
######*******#####


You could see Duvessa (fast, very poisoned) and Dowan (poisoned).

Vanquished Creatures
  2 sky beasts (D:6)
  A centaur (D:6)
  2 bullfrogs (Sewer)
  A scorpion (D:6)
  A howler monkey (D:6)
  A hound (D:6)
  A quasit (D:6)
  2 orc priests
  2 orc wizards
  4 worker ants
  A gnoll (D:6)
  A howler monkey skeleton (D:6)
  9 adders
  A shadow imp (D:6)
  A white imp (D:6)
  2 ufetubi
  7 oozes (Sewer)
  An adder zombie (D:6)
  2 adder skeletons
  A worm (D:4)
  15 leopard geckos
  15 orcs
  15 ball pythons
  3 bats
  18 giant cockroaches
  3 goblins
  3 hobgoblins (D:1)
  6 jackals (D:6)
  A quokka (D:2)
  12 frilled lizards
  4 kobolds
  7 rats
145 creatures vanquished.

Notes
Turn   | Place    | Note
-------+----------+-------------------------------------------
     0 | D:1      | EnegeticOcto the Demigod Venom Mage began the quest for the
                  | Orb.
     0 | D:1      | Reached XP level 1. HP: 14/14 MP: 5/5
    93 | D:1      | Reached skill level 1 in Transmutations
   131 | D:1      | Reached skill level 3 in Poison Magic
   187 | D:1      | Reached XP level 2. HP: 13/20 MP: 0/7
   243 | D:1      | Learned a level 2 spell: Poisonous Vapours
   441 | D:2      | Reached skill level 4 in Poison Magic
   441 | D:2      | Reached XP level 3. HP: 15/26 MP: 3/8
   526 | D:3      | Found a glowing drain.
   637 | D:3      | HP: 1/26 [adder (1)]
   647 | D:3      | Reached skill level 2 in Spellcasting
   848 | Sewer    | Entered a sewer
   849 | Sewer    | Reached skill level 1 in Air Magic
   893 | Sewer    | Reached XP level 4. HP: 33/33 MP: 3/9
   899 | Sewer    | Learned a level 4 spell: Olgreb's Toxic Radiance
  1062 | Sewer    | Reached skill level 2 in Transmutations
  1155 | Sewer    | Reached skill level 2 in Air Magic
  1207 | Sewer    | Reached XP level 5. HP: 35/38 MP: 8/10
  1266 | Sewer    | Reached skill level 3 in Transmutations
  1279 | Sewer    | Reached skill level 5 in Poison Magic
  1376 | D:4      | Reached XP level 6. HP: 36/45 MP: 9/11
  1618 | D:5      | Entered Level 5 of the Dungeon
  1676 | D:5      | Found a shadowy altar of Dithmenos.
  2109 | D:6      | Reached skill level 3 in Spellcasting
  2109 | D:6      | Reached XP level 7. HP: 24/50 MP: 3/14
  2162 | D:6      | Reached skill level 4 in Transmutations
  2175 | D:6      | Learned a level 3 spell: Mephitic Cloud
  2385 | D:6      | Reached skill level 1 in Conjurations
  2402 | D:6      | Got an opalescent robe
  2425 | D:6      | Identified the +1 robe of Dull Birdsong {rElec} (You found
                  | it on level 6 of the Dungeon)
  2472 | D:6      | Reached skill level 6 in Poison Magic
  2495 | D:6      | Found a white marble altar of Elyvilon.
  2495 | D:6      | Found a stormy altar of Qazlal.
  2502 | D:6      | Reached skill level 4 in Spellcasting
  2503 | D:6      | Found a snail-covered altar of Cheibriados.
  2503 | D:6      | Found an ornate altar of the Wu Jian Council.
  2521 | D:6      | Noticed Duvessa
  2523 | D:6      | Noticed Dowan
  2530 | D:6      | Reached skill level 2 in Conjurations
  2537 | D:6      | HP: 1/50 [Dowan/puff of frost (7)]
  2537 | D:6      | Slain by Duvessa

Illustrated notes

Levels and vault maps discovered:
D:1:      wheals_arrival_linesprint, layout_rooms
D:2:      layout_basic, nicolae_ru_great_annihilating_truth
D:3:      layout_loops_ring, marbit_many_paths, gup_sewer_entry_glass
D:4:      layout_loops_ring, serial_bayou_pond_a
D:5:      layout_loops_ring, grunt_temple_overflow_opulence,
          minmay_temple_entry_waves, serial_shops, shop,
          nicolae_dithmenos_the_darkroom, uniq_menkaure, uniq_crazy_yiuf_cottage
D:6:      minmay_razor_zed, layout_basic, grunt_temple_overflow_open,
          minmay_misc_feat_ornament, serial_bayou_pond_e, uniq_duvessa

Skill      XL: |  1  2  3  4  5  6  7 |
---------------+----------------------+-----
Transmutations | 1 2 3 4 |  4.0
Poison Magic   | 3 4 5 6 |  6.2
Spellcasting   | 2 3 4 |  4.0
Air Magic      | 1 2 |  2.0
Conjurations   | 2 |  2.0
Dodging        | |  1.7
Stealth        | |  1.7

Action                   |  1- 3 |  4- 6 |  7- 9 || total
-------------------------+-------+-------+-------++-------
Melee: Short sword       |     7 |       |       ||     7
       Hand axe          |    12 |       |       ||    12
       Spear             |    12 |       |       ||    12
       Long sword        |     5 |   128 |    25 ||   158
 Cast: Sting             |    48 |    73 |    25 ||   146
       Poisonous Vapours |     1 |    13 |    11 ||    25
       Olgreb's Toxic Ra |       |       |     1 ||     1
  Use: Potion            |     2 |       |       ||     2
       Scroll            |       |     6 |     8 ||    14
Armor: Robe              |     9 |     5 |       ||    14
       Scale mail        |    17 |    92 |       ||   109
       Leather armour    |       |    17 |    26 ||    43
Dodge: Dodged            |    59 |   153 |    49 ||   261
       Rpst.: Long sword |     3 |    48 |    12 ||    63

Table legend:
 A = Non-vault XP
 B = Vault XP
 C = Vault XP percentage of total XP
 D = Non-vault monster count
 E = Vault monster count
 F = Vault count percentage of total count
                 A         B        C        D         E       F
            +---------+---------+-------+---------+---------+-------
      Total |     844 |     678 |  44.5 |      76 |      69 |  47.6
            +---------+---------+-------+---------+---------+-------
        D:1 |      25 |       0 |   0.0 |      16 |       0 |   0.0
        D:2 |      17 |       0 |   0.0 |       4 |       0 |   0.0
        D:3 |      41 |      17 |  29.3 |      12 |       3 |  20.0
        D:4 |     138 |       0 |   0.0 |      16 |       0 |   0.0
        D:5 |     132 |       0 |   0.0 |       9 |       0 |   0.0
        D:6 |     491 |     316 |  39.2 |      19 |      10 |  34.5
      Sewer |       0 |     345 | 100.0 |       0 |      56 | 100.0
            +---------+---------+-------+---------+---------+-------
